AoeStats
← HR nomadplayer

Arabia

505370695Analyzed
4v4 RM · 24d ago on Sep 9, 2026· 26m 3s· 8 players
Game mode
Random Map
Map size
Large (8 player)
Population
200
Speed
Normal
Resources
Standard
Victory
Conquest
Starting age
Dark Age
Ending age
Imperial Age
RankedLock teamsTeams togetherTeam positionsShared explorationLock speedFull tech treeHidden civsTurbo modeCheats
Victory
Defeat
🇻🇳 Maya · Vietnam
1888
+14
🇻🇳 Khmer · Vietnam
1826
+17
🇺🇸 Ethiopians · United States
1822
+17
🇻🇳 Franks · Vietnam
1710
+22
🇨🇱 Maya · Chile
1931
-21
🇨🇱 Persians · Chile
1872
-19
🇨🇱 Britons · Chile
1843
-17
🇨🇱 Hindustanis · Chile
1734
-13
HR nomadplayer
0:28 Loom
9:29 Feudal Age
12:10 Fletching
25:17 Castle Age
23:27 Gold Mining
23:50 Double-Bit Axe
25:21 Crossbowman
25:59 Bodkin Arrow
HR itu
6:39 Loom
8:50 Feudal Age
12:58 Fletching
15:15 Double-Bit Axe
23:13 Castle Age
21:35 Horse Collar
23:15 Crossbowman
23:51 Bodkin Arrow
24:23 Padded Archer Armor
25:17 Ballistics
25:55 Leather Archer Armor
neromelnick
8:55 Feudal Age
9:20 Loom
9:33 Double-Bit Axe
9:58 Horse Collar
18:46 Bloodlines
19:33 Scale Barding Armor
23:23 Wheelbarrow
24:08 Fletching
HR Sobek
6:45 Loom
8:55 Feudal Age
9:29 Double-Bit Axe
16:56 Scale Barding Armor
17:52 Bloodlines
25:38 Castle Age
23:31 Horse Collar
26:20 Bow Saw
ĐLucky
0:26 Loom
8:45 Feudal Age
12:09 Fletching
13:18 Double-Bit Axe
17:11 Wheelbarrow
21:34 Castle Age
20:21 Horse Collar
21:37 Crossbowman
22:12 Bodkin Arrow
23:21 Padded Archer Armor
26:59 Ballistics
DL-ĐệNhị
6:17 Loom
8:59 Feudal Age
9:28 Double-Bit Axe
14:41 Scale Barding Armor
21:06 Wheelbarrow
24:47 Castle Age
22:46 Gold Mining
24:05 Forging
23:53 Town Watch
25:53 Chain Barding Armor
25:34 Husbandry
NaiLiu
6:31 Loom
8:49 Feudal Age
10:39 Fletching
15:58 Padded Archer Armor
15:48 Double-Bit Axe
22:23 Castle Age
20:43 Horse Collar
21:34 Gold Mining
22:26 Crossbowman
23:03 Bodkin Arrow
23:36 Town Watch
25:31 Ballistics
25:39 Bow Saw
DL-Empty
6:44 Loom
8:47 Feudal Age
9:31 Double-Bit Axe
16:01 Scale Barding Armor
17:45 Forging
19:01 Bloodlines
24:13 Castle Age
21:59 Horse Collar
23:04 Gold Mining
24:56 Husbandry
25:17 Chain Barding Armor
25:08 Bow Saw
Connection lost

Rejoining the realm…

Still unreachable

The connection could not be restored.

Session expired

The server has moved on; the page needs a fresh start.